 Dungeon Crawl Stone Soup version 0.19.1 (webtiles) character file.

130 dvd the Stinger (level 5, 0/32 HPs)
             Began as an Octopode Venom Mage on Dec 7, 2016.
             Slain by dvd's ghost (8 damage)
             ... on level 3 of the Dungeon.
             The game lasted 00:05:26 (2869 turns).

dvd the Stinger (Octopode Venom Mage)               Turns: 2869, Time: 00:05:27

Health: 0/32       AC:  1    Str:  8    XL:     5   Next: 13%
Magic:  8/8        EV: 13    Int: 18    God:
Gold:   88         SH:  0    Dex: 12    Spells: 3 memorised, 1 level left

rFire  . . .     SeeInvis .     c - +0 dagger
rCold  + . .     Gourm    .     (no shield)
rNeg   . . .     Faith    .     (helmet restricted)
rPois  .         Spirit   .     (no amulet)
rElec  .         Reflect  .     n - ring of protection from cold
rCorr  .         Harm     .     o - ring of stealth
MR     .....                    (no ring)
Stlth  ++++......               (no ring)
                                (no ring)
                                (no ring)
                                (no ring)
                                (no ring)

@: lethally poisoned (0 -> -3)
A: almost no armour, stealthy swim, amphibious, 8 rings, constrict 8, camouflage
1, gelatinous body 1
a: no special abilities


You were on level 3 of the Dungeon.
You were hungry.

You visited 1 branch of the dungeon, and saw 3 of its levels.

You collected 88 gold pieces.

Inventory:

Hand Weapons
 c - a +0 dagger (weapon)
Jewellery
 n - a ring of protection from cold (left tentacle)
 o - a ring of stealth (right tentacle)
Scrolls
 d - 5 scrolls of identify {unknown}
 e - a scroll of amnesia {unknown}
 g - a scroll of remove curse {unknown}
 j - a scroll of fog {unknown}
 m - a scroll of enchant armour {unknown}
Potions
 h - a potion of mutation {unknown}
 i - a potion of haste {unknown}
 l - a potion of cancellation {unknown}
 p - a potion of curing {unknown}
Books
 a - a Young Poisoner's Handbook

   Spells                             Type                      Level
   a - Sting                          Conjuration/Poison           1
   b - Mephitic Cloud                 Conjuration/Poison/Air       3
   c - Olgreb's Toxic Radiance        Poison                       4
   d - Alistair's Intoxication        Transmutation/Poison         5
   e - Venom Bolt                     Conjuration/Poison           5
Comestibles
 b - a bread ration
 f - 2 beef jerkies


   Skills:
 + Level 0.4 Fighting
 + Level 1.2 Short Blades
 + Level 2.4 Dodging
 + Level 3.7 Stealth
 + Level 2.5 Spellcasting
 + Level 0.2 Conjurations
 + Level 6.1 Poison Magic


You had one spell level left.
You knew the following spells:

 Your Spells              Type           Power        Failure   Level  Hunger
a - Sting                 Conj/Pois      ##..         6%          1    #......
b - Mephitic Cloud        Conj/Pois/Air  #.......     24%         3    ###....
c - Olgreb's Toxic Radia  Pois           ###.....     17%         4    #####..


Dungeon Overview and Level Annotations

Branches:
Dungeon (3/15)

Altars:

Annotations:
D:3 dvd's ghost, amateur OpVM


Innate Abilities, Weirdness & Mutations

You cannot wear most types of armour.
You are very stealthy in the water. (Stealth+)
You are amphibious.
You can wear up to eight rings at the same time.
You can use your tentacles to constrict eight enemies at once.
Your skin changes colour to match your surroundings (Stealth+).
Your rubbery body absorbs attacks. (AC +1, EV +1)


Message History

You hit dvd's ghost. Your squeeze misses dvd's ghost.
Dvd's ghost is lightly damaged.
Dvd's ghost barely misses you.
You barely miss dvd's ghost.
Dvd's ghost is lightly damaged.
Dvd's ghost hits you.
You hit dvd's ghost but do no damage.
Dvd's ghost is lightly damaged.
Dvd's ghost completely misses you.
You closely miss dvd's ghost. Your squeeze misses dvd's ghost.
Dvd's ghost is lightly damaged.
You feel sick. Dvd's ghost barely misses you.
You barely miss dvd's ghost. You squeeze dvd's ghost!
Dvd's ghost is heavily damaged.
You barely miss dvd's ghost.
Dvd's ghost is heavily damaged.
Dvd's ghost hits you.
* * * LOW HITPOINT WARNING * * *
Dvd's ghost hits you!
You die...

#..... .....
..... .... ...
######.###
......†..#
.........#######.
........W@......#
###############.#


You could see dvd's ghost.

Vanquished Creatures
  Jessica (D:2)
  4 adders (D:2)
  2 worms (D:2)
  2 dart slugs (D:1)
  2 leopard geckos
  2 giant cockroaches
  6 goblins
  9 hobgoblins (D:1)
  3 jackals (D:1)
  A quokka (D:2)
  7 bats
  7 frilled lizards
  9 kobolds
  3 rats
58 creatures vanquished.

Notes
Turn   | Place    | Note
-------+----------+-------------------------------------------
     0 | D:1      | dvd the Octopode Venom Mage began the quest for the Orb.
     0 | D:1      | Reached XP level 1. HP: 11/11 MP: 3/3
    27 | D:1      | Reached skill level 5 in Poison Magic
   268 | D:1      | Reached XP level 2. HP: 17/17 MP: 1/5
   600 | D:1      | Reached XP level 3. HP: 21/21 MP: 0/6
   781 | D:1      | Learned a level 3 spell: Mephitic Cloud
  1184 | D:2      | Reached XP level 4. HP: 7/27 MP: 1/7
  1581 | D:2      | Reached skill level 6 in Poison Magic
  1865 | D:2      | Noticed Jessica
  1869 | D:2      | Killed Jessica
  1869 | D:2      | Reached skill level 1 in Short Blades
  2398 | D:2      | Reached XP level 5. HP: 24/32 MP: 4/8
  2736 | D:2      | Learned a level 4 spell: Olgreb's Toxic Radiance
  2737 | D:3      | Noticed dvd's ghost (amateur OpVM)
  2869 | D:3      | Slain by dvd's ghost

Skill      XL: |  1  2  3  4 |
---------------+-------------+-----
Poison Magic   | 5 6 |  6.1
Stealth        | 3 |  3.7
Short Blades   | 1 |  1.2
Fighting       | |  0.4
Dodging        | |  2.4
Spellcasting   | |  2.5
Conjurations   | |  0.2

Action                   |  1- 3 |  4- 6 || total
-------------------------+-------+-------++-------
Melee: Unarmed           |     5 |       ||     5
       Constrict         |    11 |     3 ||    14
       Tentacles         |     5 |     3 ||     8
       Dagger            |    36 |    31 ||    67
 Cast: Sting             |    39 |    17 ||    56
       Mephitic Cloud    |     2 |       ||     2
 Stab: Sleeping          |     5 |     7 ||    12
  Eat: Chunk             |     1 |     5 ||     6
Armor: Skin              |     5 |     4 ||     9
Dodge: Dodged            |    36 |    17 ||    53
